 Dungeon Crawl Stone Soup version 0.30-a0-800-g7c544603b3 (webtiles) character file.

Game seed: 1230193941663233560

41 sircluck the Sneak (level 3, 0/21 HPs)
             Began as a Kobold Brigand on Feb 22, 2023.
             Slain by a worm (11 damage)
             ... on level 2 of the Dungeon.
             The game lasted 00:01:03 (610 turns).

sircluck the Sneak (Kobold Brigand)                  Turns: 610, Time: 00:01:04

Health: 0/21       AC:  3    Str:  8    XL:     3   Next: 75%
Magic:  3/3        EV: 14    Int: 12    God:
Gold:   44         SH:  0    Dex: 18    Spells: 2/2 levels left

rFire   . . .      SeeInvis .    i - +2 dagger (freeze)
rCold   . . .      Faith    .    (no shield)
rNeg    . . .      Spirit   .    b - +0 robe
rPois   .          Reflect  .    (no helmet)
rElec   .          Harm     .    c - +0 cloak
rCorr   .          Rampage  .    (no gloves)
Will    .....                    (no boots)
Stlth   +++++                    (no amulet)
HPRegen 0.23/turn                (no ring)
MPRegen 0.08/turn                (no ring)

@: no status effects
A: small, no large weapons, nightstalker 3
a: no special abilities


You were on level 2 of the Dungeon.
You visited 1 branch of the dungeon, and saw 2 of its levels.

You collected 44 gold pieces.

Inventory:

Hand Weapons
 a - a +2 dagger
 i - a +2 dagger of freezing (weapon)
Missiles
 d - 15 poisoned darts (quivered)
 e - 3 curare-tipped darts
 j - 16 stones
Armour
 b - a +0 robe (worn)
 c - a +0 cloak (worn)
Scrolls
 f - a scroll of brand weapon {unknown}
 g - 3 scrolls of identify {unknown}
 h - a scroll of enchant armour {unknown}
 k - a scroll of noise {unknown}
Potions
 l - a potion of resistance {unknown}
 m - a potion of ambrosia {unknown}
 n - a potion of curing {unknown}


   Skills:
 + Level 2.3 Fighting
 + Level 3.3 Short Blades
 + Level 2.3 Throwing
 + Level 1.4 Dodging
 + Level 6.5 Stealth


You had 2 spell levels left.
You didn't know any spells.
Your spell library was empty.

Dungeon Overview and Level Annotations

Branches:
Dungeon (1/15)

Altars:


Innate Abilities, Weirdness & Mutations

You are small and have problems with some larger weapons.
You are completely attuned to the shadows.


Message History

You open the door.
You see here an adder corpse.
A kobold comes into view. It is wielding a +0 club.
The kobold shouts!
A worm comes into view.
There are monsters nearby!
There are monsters nearby!
There are monsters nearby!
The kobold throws a stone.
The stone misses you. The kobold barely misses you.
There is an open door here.
You closely miss the kobold. You closely miss the kobold.
The kobold hits you with a +0 club. The worm bites you.
You closely miss the kobold. The kobold closely misses you.
The worm misses you.
You hit the kobold. You freeze the kobold.
You kill the kobold!
You hit the worm. You freeze the worm.
The worm is moderately wounded.
The worm bites you.
You are too injured to fight recklessly!
You are too injured to fight recklessly!
You are too injured to fight recklessly!
You are too injured to fight recklessly!
You are too injured to fight recklessly!
You are too injured to fight recklessly!
You are too injured to fight recklessly!
You are too injured to fight recklessly!
You are too injured to fight recklessly!
You are too injured to fight recklessly!
You are too injured to fight recklessly!
You are too injured to fight recklessly!
You hit the worm. You freeze the worm.
The worm is heavily wounded.
You hit the worm. You freeze the worm.
The worm is almost dead.
The worm bites you!
Ouch! That really hurt!
You die...

#######........#
#.....#........#
#..............#
'..............###
#..............'.#
#.............†###
#.####.........#
###. #.#
.#####.##)... #.#
#..@w... #.#
####.... #.# ####
#.# #.# #.# #.#
#.# #.#


You could see a worm.

Vanquished Creatures
  An adder (D:2)
  2 dart slugs
  2 ball pythons
  3 endoplasms (D:1)
  A giant cockroach (D:2)
  2 goblins (D:1)
  A hobgoblin (D:2)
  3 jackals (D:2)
  A quokka (D:1)
  2 frilled lizards (D:1)
  6 kobolds
  2 rats (D:1)
26 creatures vanquished.

Notes
Turn   | Place    | Note
-------+----------+-------------------------------------------
     0 | D:1      | sircluck the Kobold Brigand began the quest for the Orb.
     0 | D:1      | Reached XP level 1. HP: 12/12 MP: 1/1
    55 | D:1      | Reached XP level 2. HP: 15/17 MP: 2/2
   330 | D:1      | Reached skill level 6 in Stealth
   349 | D:1      | Reached XP level 3. HP: 21/21 MP: 3/3
   378 | D:1      | You fall into a shaft and drop 1 floor!
   610 | D:2      | Slain by a worm

Illustrated notes

Levels and vault maps discovered:
D:1:      nicolae_arrival_memento_mori, layout_basic
D:2:      layout_basic, lightli_corner_chamber

Skill      XL: |  1  2 |
---------------+-------+-----
Short Blades   | 3 |  3.3
Stealth        | 6 |  6.5
Fighting       | |  2.3
Throwing       | |  2.3
Dodging        | |  1.4

Action                     || total
---------------------------++-------
  Melee: Dagger            ||    61
         Punch             ||     1
  Throw: Dart              ||     2
   Stab: Sleeping          ||     9
 Armour: Robe              ||     4
  Dodge: Dodged            ||    33

Table legend: (Time is in decaauts)
 A = Elapsed time spent in this place.
 B = Non-inter-level travel time spent in this place.
 C = Inter-level travel time spent in this place.
 D = Time resting spent in this place.
 E = Time spent auto-exploring this place.
 F = Levels seen in this place.
 G = Mean time per level.
                   A        B        C        D        E       F      G
               +--------+--------+--------+--------+--------+-----+--------+
         Total |    600 |    600 |      0 |      0 |    450 |   2 |  300.0 |
       Dungeon |    600 |    600 |      0 |      0 |    450 |   2 |  300.0 |
               +--------+--------+--------+--------+--------+-----+--------+

Top non-repeatable levels by time:
     D:1: 372 daAuts
     D:2: 227 daAuts
